 Dungeon Crawl Stone Soup version 0.19-a0-1886-gd64a0f0 (webtiles) character file.

5534 Amnesiac the Warrior (level 10, -3/119 (124) HPs)
             Began as an Ogre Hunter on Oct 16, 2016.
             Was an Initiate of Gozag.
             Slain by a chaos spawn (5 damage)
             ... on level 1 of the Abyss.
             The game lasted 00:15:40 (9502 turns).

Amnesiac the Warrior (Ogre Hunter)                  Turns: 9502, Time: 00:15:41

HP:   -3/119 (124)  AC:  9    Str: 19    XL:     10   Next: 71%
MP:   10/10         EV: 10    Int: 10    God:    Gozag
Gold: 1044          SH:  2    Dex: 11    Spells: 0 memorised, 9 levels left

rFire  . . .     SeeInvis .     l - +3 short sword (drain)
rCold  . . .     Gourm    .     c - +2 robe {Archmagi}
rNeg   . . .     Faith    .     (no shield)
rPois  .         Spirit   .     (helmet restricted)
rElec  .         Dismiss  .     k - +2 cloak
rCorr  .         Reflect  +     (gloves unavailable)
MR     +....     Harm     .     (boots unavailable)
Stlth  +.........               z - +2 amulet of reflection
                                (no ring)
                                (no ring)

@: lethally poisoned (-3 -> -15), gold aura, very slightly contaminated, drained
A: unfitting armour, clumsy 1, shaggy fur 1, tough skin 1
a: Potion Petition, Call Merchant, Bribe Branch, Renounce Religion


You were on level 1 of the Abyss.
You worshipped Gozag.
Gozag was most pleased with you.
You were not hungry.

You visited 1 branch of the dungeon, and saw 9 of its levels.
You visited the Abyss 1 time.

You collected 1673 gold pieces.
You paid 629 gold pieces to Gozag.

Inventory:

Hand Weapons
 h - a +0 whip of venom
 l - a +3 short sword of draining (weapon)
 n - a +0 giant club
 s - a +1 dagger of electrocution
 w - a +0 blowgun
 x - a +0 flail of holy wrath
Armour
 c - a +2 robe of the Archmagi (worn)
 k - a +2 cloak (worn)
Jewellery
 j - a +5 ring of protection {unknown}
 z - a +2 amulet of reflection (around neck)
Wands
 o - a wand of teleportation (6/9)
 t - a wand of acid (6/15)
 v - a wand of hasting (8/9)
Scrolls
 a - 3 scrolls of fog
 g - 3 scrolls of identify
 i - a scroll of enchant weapon
 q - a scroll of immolation
 r - a scroll of fear
 y - 2 scrolls of remove curse
 B - a scroll of blinking {unknown}
 C - a scroll of enchant armour
 E - 3 scrolls of teleportation
Potions
 b - a potion of beneficial mutation {unknown}
 e - 2 potions of curing
 m - a potion of flight {unknown}
 p - 2 potions of berserk rage
 u - a potion of resistance
 A - a potion of haste
Books
 D - a book of Conjurations

   Spells                             Type                      Level
   a - Magic Dart                     Conjuration                  1
   b - Searing Ray                    Conjuration                  2
   c - Dazzling Spray                 Conjuration/Hexes            3
   d - Fulminant Prism                Conjuration/Hexes            4
   e - Iskenderun's Mystic Blast      Conjuration                  4
   f - Iskenderun's Battlesphere      Conjuration/Charms           5
Comestibles
 f - 5 bread rations


   Skills:
 - Level 15.0(14.8) Fighting
 + Level 10.8(10.6) Throwing
 - Level 1.7(1.6) Dodging
 - Level 0.6(0.5) Stealth


You had 9 spell levels left.
You didn't know any spells.

Dungeon Overview and Level Annotations

Branches:
Dungeon (9/15)             Temple (0/1) D:6
   Lair: D:8-11         Orc: D:9-12

Altars:
Dithmenos
Gozag
Makhleb
Nemelex Xobeh
Qazlal
Sif Muna
Uskayaw
Xom

Shops:
D:6 (   D:9 [

Annotations:
D:9 Psyche


Innate Abilities, Weirdness & Mutations

You are too large for most types of armour.
You have tough skin. (AC +1)
You are clumsy. (Dex -2)
You are covered in fur. (AC +1)


Message History

The chaos spawn freezes you!
* * * LOW HITPOINT WARNING * * *
Things that are here:
8 gold pieces; a large rock
d - a large rock You now have 1044 gold pieces (gained 8).
The chaos spawn is distracted by your gold.
Throwing (i - inventory):
d - a large rock (quivered)
Press: ? - help, Shift-Dir - straight line, f/p - chaos spawn
Aim: a chaos spawn (lightly wounded, hasn't noticed you)
You throw a large rock.
The large rock closely misses the chaos spawn.
The chaos spawn roars deafeningly!
The chaos spawn is no longer distracted by gold.
The chaos spawn hits you!
* * * LOW HITPOINT WARNING * * *
You are lethally poisoned!
The chaos spawn poisons you! The chaos spawn gores you.
You die...
Your body crumbles into a pile of gold.

. ........ .... ##
#
#......(...#.#...
...
#.......#.#.#.####
#. .......... ..#
#.##..## . ##.#
#..##.#..##
##....## ##
#.4#...###
##@###.#. #
#.....#.#
##.###..# # ###.#
. # # #.##.
.#..### ## ##


You could see a chaos spawn.

Vanquished Creatures
  Erolcha (D:9)
  Pikel (D:7)
  Maurice (D:8)
  Prince Ribbit (D:7)
  A hungry ghost (D:7)
  Menkaure (D:5)
  Duvessa (D:5)
  2 orc warriors
  A sky beast (D:5)
  4 slaves (D:7)
  A black bear (D:7)
  A necrophage (D:7)
  An ettin simulacrum (Abyss:1)
  2 phantoms
  An eye of draining (D:8)
  3 ice beasts
  6 ogres
  2 centaurs
  5 bullfrogs
  Dowan (D:5)
  3 killer bees (D:8)
  2 bullfrog zombies
  5 crimson imps
  5 jellies
  3 hounds
  Crazy Yiuf (D:5)
  4 orc priests
  8 orc wizards
  A bullfrog skeleton (D:9)
  3 iguanas
  2 worker ants
  2 hound skeletons
  A worker ant zombie (D:8)
  5 gnolls
  7 adders
  A howler monkey skeleton (D:4)
  2 shadow imps
  A white imp (Abyss:1)
  5 oozes
  An adder skeleton (D:4)
  A worm (D:2)
  6 dart slugs
  5 leopard geckos
  36 orcs
  11 giant cockroaches
  10 goblins
  4 hobgoblins
  8 jackals
  4 quokkas
  4 ball pythons
  4 bats
  5 frilled lizards
  11 kobolds
  9 rats
217 creatures vanquished.

Vanquished Creatures (others)
  An adder (D:9)
1 creature vanquished.

Grand Total: 218 creatures vanquished

Notes
Turn   | Place    | Note
-------+----------+-------------------------------------------
     0 | D:1      | Amnesiac the Ogre Hunter began the quest for the Orb.
     0 | D:1      | Reached XP level 1. HP: 22/22 MP: 1/1
    62 | D:1      | Reached skill level 3 in Fighting
   204 | D:2      | Reached skill level 4 in Fighting
   204 | D:2      | Reached XP level 2. HP: 12/32 MP: 2/2
   653 | D:2      | Reached XP level 3. HP: 36/40 MP: 3/3
   894 | D:3      | Found a burning altar of Makhleb.
   894 | D:3      | Noticed a cacodemon
   936 | D:4      | Reached skill level 5 in Fighting
  1183 | D:4      | Reached skill level 6 in Fighting
  1183 | D:4      | Reached XP level 4. HP: 16/52 MP: 4/4
  1645 | D:4      | Found a shimmering altar of Xom.
  1881 | D:5      | Entered Level 5 of the Dungeon
  1881 | D:5      | Noticed a sky beast
  1885 | D:5      | Killed a sky beast
  1885 | D:5      | Reached skill level 7 in Fighting
  1885 | D:5      | Reached XP level 5. HP: 41/63 MP: 5/5
  1892 | D:5      | Gained mutation: You are clumsy. (Dex -2) [mutagenic meat]
  1895 | D:5      | Gained mutation: You are covered in fur. (AC +1) [mutagenic meat]
  1908 | D:5      | Noticed Menkaure
  1912 | D:5      | Reached skill level 8 in Fighting
  1912 | D:5      | Reached XP level 6. HP: 7/72 MP: 6/6
  1918 | D:5      | Killed Menkaure
  1991 | D:5      | Reached skill level 9 in Fighting
  2056 | D:4      | Found a burning altar of Makhleb.
  2056 | D:4      | Found an opulent altar of Gozag.
  2064 | D:4      | Became a worshipper of Gozag Ym Sagoz the Greedy
  2085 | D:5      | Found a stormy altar of Qazlal.
  2244 | D:5      | Reached XP level 7. HP: 58/83 MP: 7/7
  2276 | D:5      | Reached skill level 10 in Fighting
  2401 | D:5      | Noticed Duvessa
  2401 | D:5      | Noticed Dowan
  2422 | D:5      | Killed Duvessa
  2422 | D:5      | Reached skill level 11 in Fighting
  2436 | D:5      | Killed Dowan
  2436 | D:5      | Reached XP level 8. HP: 45/97 MP: 8/8
  2741 | D:5      | Found a runed door.
  2824 | D:5      | Noticed Crazy Yiuf
  2825 | D:5      | Killed Crazy Yiuf
  3084 | D:1      | Reached skill level 12 in Fighting
  4966 | D:3      | Reached skill level 13 in Fighting
  5366 | D:6      | Reached skill level 14 in Fighting
  5366 | D:6      | Reached XP level 9. HP: 97/113 MP: 9/9
  5445 | D:6      | Found a staircase to the Ecumenical Temple.
  5775 | D:6      | Found a sparkling altar of Nemelex Xobeh.
  5902 | D:7      | Found a deep blue altar of Sif Muna.
  6017 | D:7      | Noticed Prince Ribbit
  6030 | D:7      | Killed Prince Ribbit
  6251 | D:7      | You fall through a shaft for 2 floors!
  6323 | D:9      | Reached skill level 15 in Fighting
  6487 | D:7      | Reached skill level 5 in Throwing
  6528 | D:7      | Noticed Pikel
  6547 | D:7      | Killed Pikel
  6612 | D:7      | Paralysed by fainting for 12 turns
  7166 | D:8      | Noticed Maurice
  7478 | D:8      | Reached XP level 10. HP: 108/119 MP: 10/10
  8551 | D:8      | Killed Maurice
  8755 | D:9      | Found a hide-covered altar of Uskayaw.
  8778 | D:9      | Found Gasunuipn's Armour Emporium.
  8805 | D:9      | Reached skill level 10 in Throwing
  8959 | D:9      | Found a shadowy altar of Dithmenos.
  9057 | D:9      | Noticed Erolcha
  9074 | D:9      | Killed Erolcha
  9428 | D:9      | Noticed Psyche
  9441 | D:9      | Cast into level 1 of the Abyss (Psyche)
  9502 | Abyss:1  | HP: 2/119 [chaos spawn (13)]
  9502 | Abyss:1  | Slain by a chaos spawn

Vault maps used:
D:1:      lemuel_arrival_broad_hall, serial_bayou_pond_d
D:2:      kennysheep_pointless_box, serial_bayou_pond_b, st_stairs_12
D:3:      first_bread, makhleb_altar_promises_db
D:4:      nicolae_overflow_hidden_temple, hangedman_decor_clover_reticule,
          minmay_fountain_box
D:5:      portal_sewer_entry_f, basic_altar, kennysheep_path_1,
          minmay_misc_feat_tower, uniq_duvessa, uniq_crazy_yiuf_cottage,
          uniq_menkaure
D:6:      nemelex_dance_club_becter
D:7:      cheibrodos_quashed, lemuel_round_altar, uniq_prince_ribbit1,
          uniq_pikel
D:8:      uniq_maurice
D:9:      lemuel_crystal_altar, grunt_dithmenos_smoke, serial_shops,
          nicolae_shop_temple_entry_statues_fountains, uniq_psyche, uniq_erolcha

Skill      XL: |  1  2  3  4  5  6  7  8  9 10 |
---------------+-------------------------------+-----
Fighting       | 4 6 7 8 9 11 14 15 | 15.0
Throwing       | 7 10 | 10.8
Dodging        | |  1.7
Stealth        | |  0.6

Action                   |  1- 3 |  4- 6 |  7- 9 | 10-12 || total
-------------------------+-------+-------+-------+-------++-------
Melee: Short sword       |    69 |    56 |   504 |   124 ||   753
       Dagger            |       |       |    10 |       ||    10
Throw: Large rock        |     4 |    11 |    27 |    36 ||    78
       Throwing net      |       |     3 |     2 |       ||     5
Invok: Call Merchant     |       |       |     1 |       ||     1
Evoke: Wand              |       |       |       |     8 ||     8
  Use: Potion            |       |       |     5 |       ||     5
       Scroll            |       |       |    10 |     4 ||    14
 Stab: Sleeping          |     1 |       |     2 |       ||     3
       Distracted        |     1 |       |     1 |       ||     2
       Invisible         |       |       |       |     2 ||     2
  Eat: Chunk             |     1 |     5 |     4 |       ||    10
       Fruit             |       |       |     5 |     3 ||     8
       Royal jelly       |       |       |     2 |       ||     2
       Pizza             |       |       |     1 |       ||     1
       Beef jerky        |       |       |     1 |       ||     1
       Bread ration      |       |       |     1 |     1 ||     2
       Meat ration       |       |       |     1 |       ||     1
Armor: Robe              |    15 |    20 |   184 |    55 ||   274
Dodge: Dodged            |    25 |    32 |   219 |    67 ||   343
Block: Other             |       |       |    13 |    15 ||    28
       Reflection        |       |       |       |     1 ||     1
